 Dungeon Crawl Stone Soup version 0.31-a0-845-g9abc20d24f (webtiles) character file.

Game seed: 14704247148748216999

12077 Pooter the Severer (level 11, -2/150 HPs)
             Began as a Minotaur Berserker on Oct 1, 2023.
             Was an Elder of Trog.
             Killed from afar by an acid dragon (8 damage)
             ... with a splash of acid
             ... on level 8 of the Dungeon.
             The game lasted 00:41:17 (9494 turns).

Pooter the Severer (Minotaur Berserker)             Turns: 9494, Time: 00:41:18

Health: -2/150     AC: 14    Str: 25    XL:     11   Next: 57%
Magic:  0/10       EV:  7    Int:  4    God:    Trog [****..]
Gold:   430        SH:  0    Dex: 11    Spells: 10/10 levels left

rFire   + . .        a - +0 executioner's axe (heavy)
rCold   . . .        (shield currently unavailable)
rNeg    + . .        I - +1 plate armour {rF+}
rPois   .            (helmet restricted)
rElec   .            (no cloak)
rCorr   .            o - +0 pair of gloves
SInv    .            L - +0 pair of boots
Will    ++...        G - amulet of guardian spirit Stlth
                     N - ring of positive energy
HPRegen 1.45/turn    (no ring)
MPRegen 0.12/turn

%: guardian spirit
@: berserking (expiring), strong-willed, regenerating, very quick
A: horns 2, retaliatory headbutt
a: Renounce Religion, Berserk, Trog's Hand, Brothers in Arms


You were on level 8 of the Dungeon.
You worshipped Trog.
Trog was greatly pleased with you.
You visited 1 branch of the dungeon, and saw 8 of its levels.
You also visited: Ossuary and Bailey.

You collected 430 gold pieces.

Inventory:

Hand Weapons
 a - a +0 heavy executioner's axe (weapon)
   (You acquired it in a bailey)
 b - a +0 orcbow
   (You took it off a centaur on level 7 of the Dungeon)
 n - a +0 halberd
   (You took it off a gnoll on level 2 of the Dungeon)
 F - a +0 broad axe
   (You found it on level 5 of the Dungeon)
 J - a +0 battleaxe
   (You took it off an orc warrior in a bailey)
Missiles
 h - 4 atropa-tipped darts
 A - 9 boomerangs (quivered)
 C - 9 poisoned darts
 Q - 44 stones
Armour
 o - a +0 pair of gloves (worn)
   (You found it on level 2 of the Dungeon)
 I - a +1 plate armour of fire resistance (worn)
   (You found it in a bailey)
 L - a +0 pair of boots (worn)
   (You found it on level 4 of the Dungeon)
Jewellery
 m - an amulet of the acrobat
   (You took it off a gnoll on level 2 of the Dungeon)
 G - an amulet of guardian spirit (around neck)
   (You found it on level 7 of the Dungeon)
 N - a ring of positive energy (left hand)
   (You took it off a gnoll on level 2 of the Dungeon)
Wands
 d - a wand of iceblast (2)
   (You found it on level 3 of the Dungeon)
 f - a wand of flame (4)
   (You took it off Pikel on level 6 of the Dungeon)
 u - a wand of paralysis (12)
   (You found it on level 7 of the Dungeon)
 v - a wand of mindburst (18)
   (You found it on level 4 of the Dungeon)
 D - a wand of digging (2)
   (You found it on level 7 of the Dungeon)
Scrolls
 g - a scroll of vulnerability {unknown}
 j - a scroll of blinking
 k - 2 scrolls of poison {!r}
 l - 4 scrolls of noise {!r}
 q - 3 scrolls of immolation {!r}
 s - 2 scrolls of fear
 t - 7 scrolls of teleportation {@r4}
 w - a scroll of brand weapon {unknown}
 y - a scroll of revelation
 E - 2 scrolls of fog
 K - a scroll of summoning {unknown}
Potions
 c - 4 potions of haste {unknown}
 e - 4 potions of curing {@q1}
 p - 4 potions of enlightenment {unknown}
 r - 3 potions of degeneration {unknown}
 x - 3 potions of magic {unknown}
 z - 4 potions of heal wounds {unknown}
 B - 2 potions of berserk rage {unknown}
 H - a potion of invisibility {unknown}
 M - a potion of mutation {unknown}


   Skills:
 + Level 10.2 Fighting
 * Level 17.4 Axes
 - Level 0.3(11.3) Polearms
 * Level 9.3 Ranged Weapons
 - Level 2.4 Armour
 - Level 2.1 Dodging


You had 10 spell levels left.
You didn't know any spells.
Your spell library was empty.

Dungeon Overview and Level Annotations

Branches:
Dungeon (8/15) Zot: 26939  Temple (0/1) D:7         Ossuary (visited)
 Bailey (visited)
   Lair: D:8-11

Altars:
Ashenzari
Cheibriados
Dithmenos
Gozag
Kikubaaqudgha
Makhleb
Nemelex Xobeh
Ru
Uskayaw
Yredelemnul


Innate Abilities, Weirdness & Mutations

You have a pair of horns on your head.
You reflexively headbutt those who attack you in melee.


Message History

You open the yak like a pillowcase!!!
You kill the yak!
Trog accepts your kill.
You hear a croak.
The centaur shoots an arrow.
The arrow closely misses you.
The boulder beetle curls into a ball and begins rolling!
The centaur shoots an arrow.
The arrow completely misses you.
The cyclops throws a large rock.
The large rock hits you!!
A bullfrog comes into view.
You open the cyclops like a pillowcase!!!
You hear a shout!
The centaur shoots an arrow.
The arrow hits you. The cyclops hits you!!
* * * LOW MAGIC WARNING * * *
* * * LOW HITPOINT WARNING * * *
The boulder beetle hits you!
* * * LOW HITPOINT WARNING * * *
The boulder beetle stops rolling and uncurls.
A red film seems to cover your vision as you go berserk!
You feel yourself moving faster!
You feel mighty! The cyclops hits you!
* * * LOW HITPOINT WARNING * * *
The boulder beetle bites you.
* * * LOW HITPOINT WARNING * * *
You slash the boulder beetle! You slice the cyclops!!
You kill the cyclops!
Trog accepts your kill.
You open the centaur like a pillowcase!!!
You kill the centaur!
Trog accepts your kill.
The boulder beetle leaps!
You slice the bullfrog!!
You kill the bullfrog!
Trog accepts your kill.
The boulder beetle curls into a ball and begins rolling!
Things that are here:
a +0 orcbow; 12 gold pieces; a centaur corpse You feel a strong urge to attack something.
An acid dragon comes into view.
The acid dragon roars!
You hit the boulder beetle.
Your headbutt misses the boulder beetle.
The boulder beetle hits you!!
* * * LOW MAGIC WARNING * * *
* * * LOW HITPOINT WARNING * * *
The boulder beetle stops rolling and uncurls.
You slice the boulder beetle!! The boulder beetle bites you!
* * * LOW MAGIC WARNING * * *
* * * LOW HITPOINT WARNING * * *
The acid dragon spits acid at you. The splash of acid hits you!
You die...

#.....##.... #....D.....#.
#..#......#$..
####..#.......#..
...............#.
#......................
.###............###......#
#........B@).(...#........#
............).!.............
...............#..#........
........>.#†..###.##.##..#
..............#...#...#..#..
......................<.....
............................
................#....###.#..
.....................## ## #


You could see a boulder beetle and an acid dragon (catching breath).

Vanquished Creatures
  Pikel (D:6)
  An orc knight (Bailey)
  A cyclops (D:8)
  An orc sorcerer (Bailey)
  A kobold demonologist (Bailey)
  Sigmund (D:4)
  6 yaks
  2 vampire mosquitoes (D:7)
  Menkaure (Ossuary)
  A water moccasin (D:7)
  4 black bears
  An ogre (D:6)
  9 orc warriors (Bailey)
  4 centaurs
  A lemure (D:6)
  A phantom (D:6)
  2 bullfrogs (D:8)
  2 scorpions
  6 killer bees (D:7)
  The ghost of superbruh the Ruffian, a weakling DrSh of Kikubaaqudgha (D:3)
  6 howler monkeys
  2 jellies
  4 electric eels (Bailey)
  A hound (D:6)
  3 orc priests (D:5)
  3 iron imps (D:4)
  2 gnoll boudas
  An iguana (D:4)
  5 orc wizards
  4 mummies
  20 gnolls
  A river rat (D:3)
  7 adders
  2 shadow imps
  4 white imps
  3 ufetubi
  2 dart slugs
  3 worms (D:3)
  24 orcs
  9 ball pythons
  9 endoplasms
  3 giant cockroaches
  12 goblins
  13 hobgoblins
  7 jackals (D:2)
  6 quokkas
  7 bats
  3 frilled lizards (D:1)
  11 gnoll skeletons (Ossuary)
  5 gnoll zombies (Ossuary)
  3 goblin skeletons (Ossuary)
  5 goblin zombies (Ossuary)
  2 hobgoblin skeletons (Ossuary)
  3 hobgoblin zombies (Ossuary)
  13 kobolds
  A kobold skeleton (Ossuary)
  4 kobold zombies (Ossuary)
  4 orc skeletons (Ossuary)
  4 orc zombies (Ossuary)
  8 rats
  4 rat skeletons (Ossuary)
  4 rat zombies (Ossuary)
284 creatures vanquished.

Vanquished Creatures (others)
  A human (D:6)
1 creature vanquished.

Grand Total: 285 creatures vanquished

Notes
Turn   | Place    | Note
-------+----------+-------------------------------------------
     0 | D:1      | Pooter the Minotaur Berserker began the quest for the Orb.
     0 | D:1      | Reached XP level 1. HP: 19/19 MP: 0/0
    73 | D:1      | Reached skill level 4 in Axes
   132 | D:1      | Reached XP level 2. HP: 17/27 MP: 1/1
   524 | D:1      | Reached ** piety under Trog
   717 | D:1      | Reached XP level 3. HP: 28/33 MP: 2/2
  1109 | D:2      | Reached skill level 5 in Axes
  1249 | D:2      | Reached XP level 4. HP: 41/41 MP: 3/3
  2058 | D:3      | Found a hide-covered altar of Uskayaw.
  2153 | D:3      | Found a shadowy altar of Dithmenos.
  2167 | D:3      | Found a runed translucent door.
  2175 | D:3      | Noticed superbruh's ghost (weakling DrSh)
  2184 | D:3      | Killed superbruh's ghost
  2185 | D:3      | Reached skill level 5 in Fighting
  2185 | D:3      | Reached skill level 6 in Axes
  2185 | D:3      | Reached XP level 5. HP: 48/48 MP: 4/4
  2193 | D:3      | Found a runed translucent door.
  2220 | D:3      | Reached *** piety under Trog
  2413 | D:3      | Found a sacrificial altar of Ru.
  2530 | D:3      | Found an opulent altar of Gozag.
  2531 | D:3      | Found a sparkling altar of Nemelex Xobeh.
  2737 | D:4      | Found a broken altar of Ashenzari.
  2830 | D:4      | Noticed Sigmund
  2834 | D:4      | Killed Sigmund
  2835 | D:4      | Reached skill level 7 in Axes
  2835 | D:4      | Reached XP level 6. HP: 42/57 MP: 5/5
  3265 | D:4      | Reached skill level 8 in Axes
  3276 | D:4      | Found a burning altar of Makhleb.
  3288 | D:4      | Reached XP level 7. HP: 63/63 MP: 6/6
  4215 | D:5      | Entered Level 5 of the Dungeon
  4235 | D:5      | Reached skill level 9 in Axes
  4426 | D:5      | Found a sand-covered staircase.
  4433 | Ossuary  | Entered an ossuary
  4442 | Ossuary  | Reached skill level 1 in Ranged Weapons
  4443 | Ossuary  | Reached **** piety under Trog
  4787 | Ossuary  | Reached XP level 8. HP: 73/73 MP: 7/7
  4817 | Ossuary  | Noticed Menkaure
  4828 | Ossuary  | Killed Menkaure
  4830 | Ossuary  | HP: 4/109 [mummy (15)]
  5127 | D:5      | Reached skill level 10 in Axes
  5581 | D:5      | You fall into a shaft and drop 1 floor!
  6305 | D:6      | Found a snail-covered altar of Cheibriados.
  6535 | D:6      | Found an ancient bone altar of Kikubaaqudgha.
  6801 | D:6      | Noticed Pikel
  6810 | D:6      | Killed Pikel
  6811 | D:6      | Reached skill level 11 in Axes
  6811 | D:6      | Reached skill level 5 in Ranged Weapons
  6811 | D:6      | Reached XP level 9. HP: 82/82 MP: 8/8
  7255 | D:7      | Found a staircase to the Ecumenical Temple.
  7287 | D:7      | Reached skill level 12 in Axes
  7485 | D:7      | Found a basalt altar of Yredelemnul.
  7512 | D:7      | Found a flagged portal.
  7521 | Bailey   | Entered a bailey
  7858 | Bailey   | Reached XP level 10. HP: 76/91 MP: 6/9
  8468 | Bailey   | Acquired a +0 heavy executioner's axe
  8483 | Bailey   | Noticed an orc sorcerer
  8489 | Bailey   | Killed an orc sorcerer
  8490 | Bailey   | Reached skill level 13 in Axes
  8495 | Bailey   | Noticed a rust devil
  8496 | Bailey   | Found an iron altar of Okawaru.
  8599 | Bailey   | Reached skill level 17 in Axes
  8599 | Bailey   | Reached XP level 11. HP: 99/99 MP: 10/10
  8726 | Bailey   | Noticed an orc knight
  8729 | Bailey   | Killed an orc knight
  8730 | Bailey   | Reached skill level 10 in Fighting
  9484 | D:8      | Noticed a boulder beetle
  9494 | D:8      | HP: 6/150 [boulder beetle (12)]
  9494 | D:8      | Killed from afar by an acid dragon

Illustrated notes

Levels and vault maps discovered:
D:1:      spicycebolla_green_bress_n_ham, layout_basic
D:2:      layout_basic, kennysheep_another_room, st_stairs_13,
          minmay_misc_feat_four_crosses
D:3:      layout_basic, grunt_temple_overflow_opulence,
          nicolae_uskayaw_murder_on_the_dancefloor,
          mainiacjoe_overflow_small_starburst, lemuel_tele_altar,
          ebering_ghost_sewer_f, nicolae_elevator_lobby_plus
D:4:      layout_basic, demons_altar, mainiacjoe_overflow_alcove_1,
          kennysheep_decorative_pillar, minmay_puff, uniq_sigmund
D:5:      layout_loops_corners, gup_ossuary_entry_pyramid, due_unseen_surprise
D:6:      layout_basic, marbit_many_paths, tgw_kikubaaqudgha, uniq_pikel
D:7:      layout_gridville, general_overflow_altar, temple_pool_b,
          enter_bailey_8
D:8:      cheibrodos_fzero, layout_cave_pools, kennysheep_okawaru_gauntlet,
          kennysheep_diamond, serial_bayou_lagoon_a, uniq_grum

Skill      XL: |  1  2  3  4  5  6  7  8  9 10 11 |
---------------+----------------------------------+-----
Axes           | 4 5 6 7 8 9 11 12 17 | 17.4
Fighting       | 4 5 6 7 8 9 10 | 10.2
Ranged Weapons | 1 5 7 8 9 |  9.3
Polearms       | |  0.3
Armour         | |  2.4
Dodging        | |  2.1

Action                     |  1- 3 |  4- 6 |  7- 9 | 10-12 || total
---------------------------+-------+-------+-------+-------++-------
  Melee: Hand axe          |    79 |     2 |       |       ||    81
         Headbutt          |     9 |    10 |    44 |     8 ||    71
         Halberd           |       |    46 |    39 |       ||    85
         War axe           |       |    45 |   144 |       ||   189
         Punch             |       |       |     2 |       ||     2
         Broad axe         |       |       |    87 |       ||    87
         Battleaxe         |       |       |       |    35 ||    35
         Executioner's axe |       |       |       |    44 ||    44
   Fire: Shortbow          |       |       |     3 |       ||     3
         Orcbow            |       |       |     5 |    27 ||    32
  Throw: Boomerang         |     2 |     5 |       |       ||     7
 Invoke: Berserk           |     2 |     2 |     6 |     5 ||    15
         Trog's Hand       |     1 |       |     5 |     4 ||    10
  Evoke: Wand              |       |     3 |       |    11 ||    14
    Use: Scroll            |     1 |     4 |     3 |     5 ||    13
         Potion            |       |       |       |     1 ||     1
   Stab: Sleeping          |     1 |     2 |     1 |       ||     4
 Armour: Animal skin       |    45 |    52 |    75 |       ||   172
         Scale mail        |       |       |   119 |       ||   119
         Plate armour      |       |       |       |   101 ||   101
  Dodge: Dodged            |    55 |    63 |   154 |    38 ||   310

Table legend: (Time is in decaauts)
 A = Elapsed time spent in this place.
 B = Non-inter-level travel time spent in this place.
 C = Inter-level travel time spent in this place.
 D = Time resting spent in this place.
 E = Time spent auto-exploring this place.
 F = Levels seen in this place.
 G = Mean time per level.
                   A        B        C        D        E       F      G
               +--------+--------+--------+--------+--------+-----+--------+
         Total |   9718 |   9565 |    153 |   2110 |   5421 |  10 |  971.8 |
       Dungeon |   7681 |   7528 |    153 |   1134 |   5030 |   8 |  960.1 |
       Ossuary |    599 |    599 |      0 |    103 |    251 |   1 |  599.0 |
        Bailey |   1437 |   1437 |      0 |    873 |    140 |   1 | 1437.0 |
               +--------+--------+--------+--------+--------+-----+--------+

Top non-repeatable levels by time:
     D:4: 1502 daAuts
  Bailey: 1437 daAuts
     D:5: 1383 daAuts
     D:2: 1029 daAuts
     D:7: 979 daAuts
     D:6: 959 daAuts
     D:1: 901 daAuts
     D:3: 864 daAuts
 Ossuary: 599 daAuts
     D:8: 59 daAuts
